 Dungeon Crawl Stone Soup version 0.17-a0-1481-gfdcec5c (webtiles) character file.

970 Parakulo the Reanimator (level 7, 0/46 HPs)
             Began as a Demonspawn Necromancer on July 4, 2015.
             Was a Follower of Sif Muna.
             Splashed by a jelly's acid (5 damage)
             ... on level 5 of the Dungeon.
             The game lasted 00:35:48 (5665 turns).

Parakulo the Reanimator (Demonspawn Necromancer)    Turns: 5665, Time: 00:35:48

Health: 0/46       AC: -9    Str:  8    XL:     7   Next: 94%
Magic:  15/16      EV: 12    Int: 18    God:    Sif Muna [*.....]
Gold:   286        SH:  0    Dex: 19    Spells: 5 memorised, 6 levels left

rFire  . . .     SeeInvis .     t - +4 dagger (venom)
rCold  . . .     Clarity  .     H - +1 robe {MR+}
rNeg   . . .     SustAt   .     (no shield)
rPois  .         Gourm    .     (helmet restricted)
rElec  .         Spirit   .     (no cloak)
rCorr  .         Warding  .     k - +0 pair of gloves
rMut   .         Stasis   .     m - +2 pair of boots
MR     +....                    (no amulet)
Stlth  ++........               G - +3 ring of dexterity
                                B - +2 ring of dexterity

@: corroded equipment, somewhat resistant to hostile enchantments, unstealthy
A: claws 1, hooves 1, horns 2
a: Channel Energy, Renounce Religion


You were on level 5 of the Dungeon.
You worshipped Sif Muna.
Sif Muna was aware of your devotion.
You were not hungry.

You visited 1 branch of the dungeon, and saw 5 of its levels.

You collected 286 gold pieces.

Inventory:

Hand weapons
 g - a +2 hunting sling of flaming
 t - a +4 dagger of venom (weapon)
 u - a +4 dagger
 z - a +0 vampiric dagger
Missiles
 d - 10 poisoned needles
 j - 103 stones (quivered)
 A - 17 sling bullets of flame
Armour
 k - a +0 pair of gloves (worn)
 m - a +2 pair of boots (worn)
 v - a +0 buckler
 H - a +1 robe of magic resistance (worn)
Jewellery
 n - an uncursed ring of protection from cold
 q - an uncursed amulet of rage
 B - a +2 ring of dexterity (left hand)
 G - a +3 ring of dexterity (right hand)
Magical devices
 i - a wand of lightning (6)
 o - a wand of random effects (26)
 w - a wand of random effects (23)
 C - a wand of random effects (40)
Scrolls
 e - 3 scrolls of remove curse
 f - 8 scrolls of identify
 x - a scroll of enchant armour
 y - 2 scrolls of teleportation
Potions
 h - 4 potions of curing
 l - 2 potions of heal wounds
 s - 4 potions of flight
 E - a potion of poison {unknown}
 F - a potion of magic {unknown}
Books
 b - a book of Necromancy

   Spells                             Type                      Level
   a - Pain                           Necromancy                   1
   b - Animate Skeleton               Necromancy                   1
   c - Vampiric Draining              Necromancy                   3
   d - Regeneration                   Charms/Necromancy            3
   e - Animate Dead                   Necromancy                   4
   f - Control Undead                 Necromancy                   4
 p - a book of Ice

   Spells                             Type                      Level
   a - Ice Form                       Ice/Transmutation            4
   b - Metabolic Englaciation         Hexes/Ice                    5
   c - Ozocubu's Refrigeration        Ice                          6
   d - Bolt of Cold                   Conjuration/Ice              6
   e - Freezing Cloud                 Conjuration/Ice/Air          6
   f - Simulacrum                     Ice/Necromancy               6
Comestibles
 c - 2 bread rations
 r - a meat ration


   Skills:
 + Level 0.1 Short Blades
 + Level 0.3 Slings
 - Level 1.7 Dodging
 - Level 1.7 Stealth
 + Level 6.1 Spellcasting
 + Level 8.3 Necromancy


You had 6 spell levels left.
You knew the following spells:

 Your Spells              Type           Power        Failure   Level  Hunger
a - Pain                  Necr           ####         1%          1    None
b - Animate Skeleton      Necr           N/A          1%          1    None
c - Vampiric Draining     Necr           #####.....   1%          3    ##.....
d - Animate Dead          Necr           N/A          4%          4    ####...
e - Regeneration          Chrm/Necr      ###.......   10%         3    ##.....


Dungeon Overview and Level Annotations

Branches:
Dungeon (5/15)             Temple (0/1) D:5

Altars:
Ashenzari
Elyvilon
Makhleb
Nemelex Xobeh
Qazlal
Sif Muna
Yredelemnul


Innate Abilities, Weirdness & Mutations

You have sharp fingernails.
You have large cloven feet.
You have a pair of horns on your head.


Message History

The jelly is heavily wounded.
The jelly hits you.
You are splashed with acid!
The acid corrodes you!
The acid burns!
You hit the jelly. The acid corrodes you!
Your hands burn!
You headbutt the jelly.
The jelly is severely wounded.
The jelly hits you.
You are splashed with acid!
The acid burns!
You hit the jelly but do no damage.
Your hands burn!
The jelly is severely wounded.
The jelly hits you.
You are splashed with acid!
The acid burns!
* * * LOW HITPOINT WARNING * * *
Casting: Animate Dead
Confirm with . or Enter, or press ? or * to list all spells.
Aiming: Pain
Press: ? - help, Shift-Dir - straight line, f - jelly
Aim: a jelly (severely wounded, chance to defeat MR: 89%)
The jelly convulses in agony!
The jelly hits you.
* * * LOW HITPOINT WARNING * * *
You are splashed with acid!
The acid corrodes you!
The acid burns!
You die...

###
##.############
#.............#
#......<......##
##...########...#
##...## ##..#
#...## ##@# ....#
#.J# ....## #g.#
.....# #..##
#......# #..#
##..#... #..#
.##.###.. ....
..#.# ##....#
....# ....


You could see a jelly and a hobgoblin.

Vanquished Creatures
  Sigmund (D:5)
  A centaur (D:5)
  The ghost of mrath the Shooter, an average TeHu (D:3)
  A jelly (D:3)
  2 crimson imps (D:5)
  A gnoll shaman (D:4)
  3 hounds
  3 orc wizards
  2 worker ants
  6 gnolls (D:4)
  6 adders
  A worker ant zombie (D:5)
  An ooze (D:2)
  2 worms
  4 giant geckos
  17 orcs
  A ball python (D:5)
  9 bats
  A bat skeleton (D:3)
  18 goblins
  13 hobgoblins
  10 kobolds
  A giant cockroach (D:4)
  4 giant newts
  3 jackals (D:2)
  2 quokkas
  2 quokka skeletons
  7 rats
123 creatures vanquished.

Vanquished Creatures (collateral kills)
  A hound (D:5)
  3 adders
  A shadow imp (D:5)
  An ooze (D:1)
  A worm (D:2)
  3 orcs (D:3)
  A bat (D:2)
  A rat (D:4)
12 creatures vanquished.

Grand Total: 135 creatures vanquished

Notes
Turn   | Place    | Note
--------------------------------------------------------------
     0 | D:1      | Parakulo the Demonspawn Necromancer began the quest for the Orb.
     0 | D:1      | Reached XP level 1. HP: 13/13 MP: 3/3
   186 | D:1      | Learned a level 1 spell: Animate Skeleton
   252 | D:1      | Gained mutation: You have a pair of small horns on your head. [demonic ancestry]
   252 | D:1      | Reached XP level 2. HP: 14/19 MP: 0/5
   595 | D:1      | Reached skill level 5 in Necromancy
  1121 | D:2      | Reached XP level 3. HP: 13/24 MP: 0/6
  1126 | D:2      | Learned a level 3 spell: Vampiric Draining
  1241 | D:2      | Found a white marble altar of Elyvilon.
  1529 | D:2      | Found a basalt altar of Yredelemnul.
  1538 | D:2      | Gained mutation: You have a pair of horns on your head. [demonic ancestry]
  1538 | D:2      | Reached XP level 4. HP: 22/30 MP: 0/8
  1689 | D:2      | Learned a level 4 spell: Animate Dead
  1842 | D:3      | HP: 1/30 [goblin/stone (1)]
  2131 | D:3      | Reached XP level 5. HP: 29/35 MP: 2/10
  2244 | D:3      | Reached skill level 6 in Necromancy
  2435 | D:3      | Noticed mrath's ghost (average TeHu)
  2483 | D:3      | Killed mrath's ghost
  2532 | D:3      | Gained mutation: You have sharp fingernails. [demonic ancestry]
  2532 | D:3      | Reached XP level 6. HP: 25/41 MP: 7/12
  2556 | D:3      | Found a sparkling altar of Nemelex Xobeh.
  2909 | D:3      | Learned a level 3 spell: Regeneration
  3326 | D:5      | Entered Level 5 of the Dungeon
  3673 | D:4      | Reached skill level 7 in Necromancy
  4021 | D:4      | Found a deep blue altar of Sif Muna.
  4030 | D:4      | Became a worshipper of Sif Muna the Loreminder
  4036 | D:4      | Reached skill level 5 in Spellcasting
  4373 | D:5      | Gained mutation: You have large cloven feet. [demonic ancestry]
  4373 | D:5      | Reached XP level 7. HP: 46/46 MP: 4/14
  4398 | D:5      | Found a staircase to the Ecumenical Temple.
  4582 | D:5      | Found a shattered altar of Ashenzari.
  5028 | D:5      | Found a stormy altar of Qazlal.
  5178 | D:5      | Noticed Sigmund
  5203 | D:5      | Killed Sigmund
  5203 | D:5      | Acquired Sif Muna's first power
  5203 | D:5      | Reached skill level 8 in Necromancy
  5399 | D:5      | Found a burning altar of Makhleb.
  5511 | D:5      | Your ally Sigmund died
  5665 | D:5      | Splashed by a jelly's acid

Vault maps used:
D:1:      dpeg_arrival_concentric_ovals, roderic_lattice_a,
          minmay_misc_feat_enclosed, hangedman_decor_points,
          minmay_misc_feat_square, minmay_cupped
D:2:      yredelemnul_altar_generic, lemuel_doored_altar, first_bread
D:3:      old_standard_altar, grunt_ministairs_12
D:4:      led_sif_book
D:5:      ashenzari_altar_1, lemuel_round_altar,
          minmay_temple_entry_statues_pillars, makhleb_blood_cavern_becter,
          uniq_sigmund

Action                   |  1- 3 |  4- 6 |  7- 9 || total
-------------------------+-------+-------+-------++-------
Melee: Unarmed           |     6 |       |       ||     6
       Short sword       |     2 |       |       ||     2
       Dagger            |     1 |    27 |    41 ||    69
       Hunting sling     |       |       |     1 ||     1
 Fire: Hunting sling     |       |    50 |    14 ||    64
 Cast: Pain              |    61 |   116 |    34 ||   211
       Animate Skeleton  |    17 |    17 |     9 ||    43
       Animate Dead      |       |    10 |     3 ||    13
       Vampiric Draining |       |     2 |     5 ||     7
Evoke: Wand              |       |     1 |       ||     1
  Use: Potion            |     1 |     7 |       ||     8
       Scroll            |       |     9 |     2 ||    11
  Eat: Chunk             |     2 |     5 |     5 ||    12
       Pizza             |       |     2 |       ||     2
       Royal jelly       |       |     1 |       ||     1
       Fruit             |       |     1 |       ||     1
